 Dungeon Crawl Stone Soup version 0.30.0-13-g156ef70053 (webtiles) character file.

Game seed: 9156828526023108638

8 browni3141 the Firebug (level 2, -1/19 HPs)
             Began as a Demonspawn Fire Elementalist on May 17, 2023.
             Slain by a hobgoblin (2 damage)
             ... on level 1 of the Dungeon.
             The game lasted 00:00:30 (366 turns).

browni3141 the Firebug (DsFE)                        Turns: 366, Time: 00:00:31

Health: -1/19      AC:  2    Str:  8    XL:     2   Next: 0%
Magic:  5/5        EV: 12    Int: 16    God:
Gold:   22         SH:  0    Dex: 13    Spells: 4/5 levels left

rFire   . . .        n - +0 club
rCold   . . .        (no shield)
rNeg    . . .        a - +0 robe
rPois   .            (helmet restricted)
rElec   .            (no cloak)
rCorr   .            (no gloves)
SInv    .            (no boots)
Will    .....        (no amulet)
Stlth   ++           (no ring)
HPRegen 0.23/turn    (no ring)
MPRegen 0.09/turn

%: no passive effects
@: no status effects
A: antennae 1
a: no special abilities


You were on level 1 of the Dungeon.
You visited 1 branch of the dungeon, and saw 2 of its levels.

You collected 22 gold pieces.

Inventory:

Hand Weapons
 n - a +0 club (weapon)
Armour
 a - a +0 robe (worn)
 o - a +0 helmet
Scrolls
 p - a scroll of teleportation {unknown}
Potions
 m - 2 potions of magic


   Skills:
 + Level 1.9 Dodging
 + Level 2.0 Stealth
 + Level 2.1 Spellcasting
 + Level 1.2 Conjurations
 + Level 2.8 Fire Magic


You had 4 spell levels left.
You knew the following spells:

 Your Spells              Type           Power      Damage    Failure   Level
z - Foxfire               Conj/Fire      32%        2x1d5     9%          1

Your spell library contained the following spells:

 Spells                   Type           Power      Damage    Failure   Level
 Scorch                   Fire           20%        2d6       10%         2
 Inner Flame              Hex/Fire       6%         N/A       34%         3
 Volatile Blastmotes      Fire/Tloc      12%        2d11      34%         3
 Flame Wave               Conj/Fire      8%         2d5       65%         4


Dungeon Overview and Level Annotations

Branches:
Dungeon (2/15)

Altars:


Innate Abilities, Weirdness & Mutations

You have a pair of small antennae on your head.


Message History

You miscast Foxfire.
You are very lightly contaminated with residual magic.
Nothing appears to happen.
The foxfire hits the goblin.
You kill the goblin!
The foxfire hits the ball python.
The ball python is severely wounded.
The foxfire hits the ball python.
You kill the ball python!
A frilled lizard comes into view.
You are out of magic!
You are out of magic!
You are out of magic!
You are out of magic!
Your magical contamination has completely faded away.
You see here 12 gold pieces.
You now have 12 gold pieces.
The frilled lizard bites you but does no damage.
You barely miss the frilled lizard. The frilled lizard barely misses you.
You hit the frilled lizard.
You kill the frilled lizard!
Things that are here:
a +0 club; a goblin corpse
n - a +0 club (weapon)
o - a +0 helmet You now have 22 gold pieces (gained 10).
A sourceless malevolence fills the Dungeon...
You fall into a shaft and drop 1 floor!
The shaft crumbles and collapses.
Found an escape hatch in the floor.
Found a stone staircase leading up.
Found an escape hatch in the ceiling.
There is a stone staircase leading up here.
There is an escape hatch in the ceiling here.
There is an escape hatch in the floor here.
A rat comes into view.
Found a stone staircase leading down.
You conjure some foxfire!
You conjure some foxfire!
The foxfire hits the rat.
You kill the rat!
Your foxfire dissipates!
Your foxfire dissipates!
Magic restored.
A bat comes into view.
You conjure some foxfire!
The foxfire hits the bat.
The bat is heavily wounded.
The bat hits you but does no damage.
The foxfire hits the bat.
You kill the bat!
Things that are here:
a bat corpse; a rat corpse
m - 2 potions of magic (gained 1)
A giant cockroach comes into view.
You miscast Foxfire.
You are very lightly contaminated with residual magic.
Nothing appears to happen.
You conjure some foxfire!
The foxfire hits the giant cockroach.
The giant cockroach is severely wounded.
The foxfire hits the giant cockroach.
You kill the giant cockroach!
Your Stealth skill increases to level 2!
You have reached level 2!
You feel monstrous as your demonic heritage exerts itself.
Your demonic ancestry asserts itself...
A pair of antennae grows on your head!
Okay, then.
Your magical contamination has completely faded away.
There is an escape hatch in the ceiling here.
A mysterious force pulls you upwards. The hatch slams shut behind you.
Magic restored.
You see here a +0 robe.
Found a stone staircase leading down.
p - a scroll labelled QEANTESTIM
There is a stone staircase leading down here.
A quokka comes into view.
A quokka is nearby!
A quokka is nearby!
A quokka is nearby!
A quokka is nearby!
A quokka is nearby!
A quokka is nearby!
A hobgoblin comes into view.
The quokka bites you but does no damage.
You hit the quokka.
The quokka is moderately wounded.
The quokka bites you. x2
You are too injured to fight recklessly!
You hit the quokka.
The quokka is heavily wounded.
The hobgoblin hits you.
* * * LOW HITPOINT WARNING * * *
The quokka bites you.
* * * LOW HITPOINT WARNING * * *
You hit the quokka.
The quokka is almost dead.
The hobgoblin hits you.
* * * LOW HITPOINT WARNING * * *
The quokka bites you.
* * * LOW HITPOINT WARNING * * *
The hobgoblin hits you.
You die...

#.#.......#
.#..#.......#
#.#.###...###
#.#.# #...#
#.#.# ##.## #
#.#.# #>#
#.###.#.####.#
#............#
###.r@g.######
#.###.# # ..
#.# # #. ..# #
# ..# # .#.#
#### .#.#
...###### .#
.#......#


You could see a quokka and a hobgoblin.

Vanquished Creatures
  2 ball pythons (D:1)
  A bat (D:2)
  A giant cockroach (D:2)
  A goblin (D:1)
  A frilled lizard (D:1)
  A rat (D:2)
7 creatures vanquished.

Vanquished Creatures (others)
  15 foxfires
15 creatures vanquished.

Grand Total: 22 creatures vanquished

Notes
Turn   | Place    | Note
-------+----------+-------------------------------------------
     0 | D:1      | browni3141 the Demonspawn Fire Elementalist began the quest
                  | for the Orb.
     0 | D:1      | Reached XP level 1. HP: 13/13 MP: 3/3
   141 | D:1      | You fall into a shaft and drop 1 floor!
   255 | D:2      | Discovered your monstrous ancestry.
   255 | D:2      | Gained mutation: You have a pair of small antennae on your
                  | head. [demonic ancestry]
   255 | D:2      | Reached XP level 2. HP: 19/19 MP: 0/5
   366 | D:1      | Slain by a hobgoblin

Illustrated notes

Levels and vault maps discovered:
D:1:      nzn_arrival_water_spiral, layout_loops_ring,
          chequers_ecumenical_altar_simple
D:2:      layout_loops_ring, minmay_pentomino_pile

Skill      XL: |  1 |
---------------+----+-----
Stealth        | 2 |  2.0
Dodging        | |  1.9
Spellcasting   | |  2.1
Conjurations   | |  1.2
Fire Magic     | |  2.8

Action                     || total
---------------------------++-------
  Melee: Unarmed           ||     2
         Club              ||     3
   Cast: Foxfire           ||     9
 Armour: Robe              ||     3
  Dodge: Dodged            ||     1
